TOP OF THE 1ST |
---|
Gresham Gold Souls batting - Pitching for Mexico City Cerveceros : RHP Jesús Medina | Pitching: RHP Jesús Medina | | Batting: LHB Alberto Varela | 0-0: Ball 1-0: Ball 2-0: Called Strike 2-1: Foul Ball, location: 2F 2-2: Fly out, F8 (Flyball, 8LD) | Batting: LHB Bill Smith | 0-0: Ball 1-0: Called Strike 1-1: Called Strike 1-2: Strikes out swinging | Batting: RHB Norm Francis | 0-0: Ball 1-0: Called Strike 1-1: Ball 2-1: Foul Ball, location: 2F 2-2: SINGLE (Flyball, 89S) | Batting: RHB Mario Beltrán | 0-0: Ball Norm Francis steals 2nd base 1-0: Called Strike 1-1: Foul Ball, location: 2F 1-2: Strikes out swinging | Top of the 1st over - 0 runs, 1 hit, 0 errors, 1 left on base; Gresham 0 - Mexico City 0 | BOTTOM OF THE 1ST |
---|
Mexico City Cerveceros batting - Pitching for Gresham Gold Souls : RHP Paul Miller | Pitching: RHP Paul Miller | | Batting: RHB John Dinkins | 0-0: Ball 1-0: Swinging Strike 1-1: Foul Ball, location: 2F 1-2: Ball 2-2: Ball 3-2: Foul Ball, location: 2F 3-2: DOUBLE (Line Drive, 7LM) | Batting: RHB Lee Price | 0-0: Called Strike 0-1: Fly out, F7 (Flyball, 7S) | Batting: LHB Arturo Rodledo | 0-0: Foul Ball, location: 2F 0-1: Ball 1-1: Swinging Strike 1-2: Fly out, F9 (Flyball, 89M) | Batting: LHB Brandon Cummings | 0-0: Called Strike 0-1: Foul Ball, location: 2F 0-2: Strikes out looking | Bottom of the 1st over - 0 runs, 1 hit, 0 errors, 1 left on base; Gresham 0 - Mexico City 0 | TOP OF THE 2ND |
---|
Gresham Gold Souls batting - Pitching for Mexico City Cerveceros : RHP Jesús Medina | Batting: SHB Todd Smith | 0-0: Fly out, F7 (Flyball, 7S) | Batting: LHB Joel Nelson | 0-0: Ball 1-0: Ball 2-0: Foul Ball, location: 2F 2-1: Ball 3-1: Base on Balls | Batting: RHB Jim Villiers | 0-0: Ball 1-0: SINGLE (Groundball, 56D) Joel Nelson to second Runner from 2nd tries for 3rd, SAFE, no throw | Batting: LHB Jeff Douglas | 0-0: Ball 1-0: Called Strike 1-1: SINGLE (Flyball, 78S) Joel Nelson scores Jim Villiers to second | Batting: RHB Willie Houk | 0-0: Called Strike 0-1: Grounds into double play, 5-4-3 (Groundball, 5) | Top of the 2nd over - 1 run, 2 hits, 0 errors, 1 left on base; Gresham 1 - Mexico City 0 | BOTTOM OF THE 2ND |
---|
Mexico City Cerveceros batting - Pitching for Gresham Gold Souls : RHP Paul Miller | Batting: RHB Juan Brieno | 0-0: Ball 1-0: Ball 2-0: Ball 3-0: Called Strike 3-1: Base on Balls | Batting: LHB Juan Torres | 0-0: Fly out, F9 (Flyball, 9S) | Batting: SHB Richard Bowman | 0-0: Called Strike 0-1: Foul Ball, location: 2F 0-2: Strikes out looking | Batting: RHB Claudio Souza | 0-0: Ball 1-0: SINGLE (Line Drive, 89M) Juan Brieno to second | Batting: SHB Scott Compton | 0-0: Called Strike 0-1: Ball 1-1: Ball 2-1: Ball 3-1: Called Strike 3-2: Base on Balls Juan Brieno to third Claudio Souza to second | Batting: RHB John Dinkins | 0-0: Swinging Strike 0-1: Foul Ball, location: 2F 0-2: Ground out 1-3 (Groundball, 15S) | Bottom of the 2nd over - 0 runs, 1 hit, 0 errors, 3 left on base; Gresham 1 - Mexico City 0 | TOP OF THE 3RD |
---|
Gresham Gold Souls batting - Pitching for Mexico City Cerveceros : RHP Jesús Medina | Batting: LHB Alberto Varela | 0-0: Ball 1-0: Foul Ball, location: 2F 1-1: Called Strike 1-2: Ball 2-2: DOUBLE (Line Drive, 78D) | Batting: LHB Bill Smith | 0-0: Fly out, F7 (Flyball, 7S) | Batting: RHB Norm Francis | 0-0: Ball 1-0: Ball 2-0: Foul Ball, location: 2F 2-1: Ball 3-1: Base on Balls | Batting: RHB Mario Beltrán | 0-0: Called Strike 0-1: Ball 1-1: Grounds into double play, 4-6-3 (Groundball, 4) | Top of the 3rd over - 0 runs, 1 hit, 0 errors, 1 left on base; Gresham 1 - Mexico City 0 | BOTTOM OF THE 3RD |
---|
Mexico City Cerveceros batting - Pitching for Gresham Gold Souls : RHP Paul Miller | Batting: RHB Lee Price | 0-0: Called Strike 0-1: Hit by Pitch | Batting: LHB Arturo Rodledo | 0-0: Swinging Strike 0-1: Ball 1-1: Ball 2-1: Foul Ball, location: 2F 2-2: Strikes out swinging | Batting: LHB Brandon Cummings | 0-0: Ball Lee Price steals 2nd base 1-0: Called Strike 1-1: Ground out 4-3 (Groundball, 4) Lee Price to third | Batting: RHB Juan Brieno | 0-0: Called Strike 0-1: Fly out, F8 (Flyball, 8LD) | Bottom of the 3rd over - 0 runs, 0 hits, 0 errors, 1 left on base; Gresham 1 - Mexico City 0 | TOP OF THE 4TH |
---|
Gresham Gold Souls batting - Pitching for Mexico City Cerveceros : RHP Jesús Medina | Batting: SHB Todd Smith | 0-0: Called Strike 0-1: Foul Ball, location: 2F 0-2: Ball 1-2: Foul Ball, location: 2F 1-2: Ball 2-2: Ground out 6-3 (Groundball, 6M) | Batting: LHB Joel Nelson | 0-0: Called Strike 0-1: Swinging Strike 0-2: Strikes out swinging | Batting: RHB Jim Villiers | 0-0: SINGLE (Groundball, 34D) | Batting: LHB Jeff Douglas | 0-0: Ball 1-0: Ball 2-0: Ball 3-0: Base on Balls Jim Villiers to second | Batting: RHB Willie Houk | 0-0: Called Strike 0-1: Ball 1-1: Swinging Strike 1-2: Ball 2-2: Strikes out swinging | Top of the 4th over - 0 runs, 1 hit, 0 errors, 2 left on base; Gresham 1 - Mexico City 0 | BOTTOM OF THE 4TH |
---|
Mexico City Cerveceros batting - Pitching for Gresham Gold Souls : RHP Paul Miller | Batting: LHB Juan Torres | 0-0: Fly out, F9 (Flyball, 89D) | Batting: SHB Richard Bowman | 0-0: Foul Ball, location: 2F 0-1: SINGLE (Flyball, 8LS) | Batting: RHB Claudio Souza | 0-0: Called Strike 0-1: Ball 1-1: Fly out, F9 (Line Drive, 89M) | Batting: SHB Scott Compton | 0-0: SINGLE (Line Drive, 9LS) Richard Bowman to second | Batting: RHB John Dinkins | 0-0: Ball Wild Pitch! Richard Bowman to third Scott Compton to second 1-0: Ball 2-0: Ball 3-0: Base on Balls | Batting: RHB Lee Price | 0-0: Swinging Strike 0-1: Swinging Strike 0-2: Ball 1-2: Ball 2-2: Strikes out swinging | Bottom of the 4th over - 0 runs, 2 hits, 0 errors, 3 left on base; Gresham 1 - Mexico City 0 | TOP OF THE 5TH |
---|
Gresham Gold Souls batting - Pitching for Mexico City Cerveceros : RHP Jesús Medina | Batting: LHB Alberto Varela | 0-0: Called Strike 0-1: Ball 1-1: Foul Ball, location: 2F 1-2: Strikes out swinging | Batting: LHB Bill Smith | 0-0: Ball 1-0: Ball 2-0: Ball 3-0: Called Strike 3-1: Called Strike 3-2: Foul Ball, location: 2F 3-2: Base on Balls | Batting: RHB Norm Francis | 0-0: Ball 1-0: Ball 2-0: Swinging Strike 2-1: Foul Ball, location: 2F 2-2: Ball Bill Smith steals 2nd base 3-2: Base on Balls | Batting: RHB Mario Beltrán | 0-0: Ball 1-0: Ball 2-0: Ball 3-0: Called Strike 3-1: Swinging Strike 3-2: Fly out, F9 (Flyball, 9S) | Batting: SHB Todd Smith | 0-0: Called Strike 0-1: Fly out, F9 (Flyball, 89S) | Top of the 5th over - 0 runs, 0 hits, 0 errors, 2 left on base; Gresham 1 - Mexico City 0 | BOTTOM OF THE 5TH |
---|
Mexico City Cerveceros batting - Pitching for Gresham Gold Souls : RHP Paul Miller | Batting: LHB Arturo Rodledo | 0-0: Foul Ball, location: 2F 0-1: Ball 1-1: Called Strike 1-2: Strikes out swinging | Batting: LHB Brandon Cummings | 0-0: Ball 1-0: Ball 2-0: Foul Ball, location: 2F 2-1: Foul Ball, location: 2F 2-2: Foul Ball, location: 2F 2-2: Ball 3-2: Base on Balls | Pitching: RHP Pat Wyatt | | Batting: RHB Juan Brieno | 0-0: Swinging Strike 0-1: Ball Pickoff Throw to First - Out! 1-1: Foul Ball, location: 2F 1-2: Ball 2-2: Fly out, F2 (Popup, 2RF) | Bottom of the 5th over - 0 runs, 0 hits, 0 errors, 0 left on base; Gresham 1 - Mexico City 0 | TOP OF THE 6TH |
---|
Gresham Gold Souls batting - Pitching for Mexico City Cerveceros : RHP Jesús Medina | Pitching: RHP Wayne Walker | | Batting: LHB Joel Nelson | 0-0: SOLO HOME RUN (Flyball, 7LD), Distance : 331 ft | Batting: RHB Jim Villiers | 0-0: Ball 1-0: SINGLE (Flyball, 7LS) | Batting: LHB Jeff Douglas | 0-0: Ball 1-0: Called Strike 1-1: Called Strike 1-2: Ball 2-2: Strikes out swinging | Batting: RHB Willie Houk | 0-0: Called Strike 0-1: Ground out 5-3 (Groundball, 56S) Jim Villiers to second | Batting: LHB Alberto Varela | 0-0: Fly out, F8 (Flyball, 8LM) | Top of the 6th over - 1 run, 2 hits, 0 errors, 1 left on base; Gresham 2 - Mexico City 0 | BOTTOM OF THE 6TH |
---|
Mexico City Cerveceros batting - Pitching for Gresham Gold Souls : RHP Pat Wyatt | Batting: LHB Juan Torres | 0-0: Ball 1-0: Foul Ball, location: 2F 1-1: Ball 2-1: Ground out 1-3 (Groundball, 15S) | Batting: SHB Richard Bowman | 0-0: Called Strike 0-1: Ball 1-1: Foul Ball, location: 2F 1-2: Strikes out swinging | Batting: RHB Claudio Souza | 0-0: Ball 1-0: Called Strike 1-1: Called Strike 1-2: Ball 2-2: Strikes out looking | Bottom of the 6th over - 0 runs, 0 hits, 0 errors, 0 left on base; Gresham 2 - Mexico City 0 | TOP OF THE 7TH |
---|
Gresham Gold Souls batting - Pitching for Mexico City Cerveceros : RHP Wayne Walker | Batting: LHB Bill Smith | 0-0: Called Strike 0-1: Foul Ball, location: 2F 0-2: Ball 1-2: Foul Ball, location: 2F 1-2: Ball 2-2: Strikes out looking | Batting: RHB Norm Francis | 0-0: Ground out 5-3 (Groundball, 5) | Batting: RHB Mario Beltrán | 0-0: Called Strike 0-1: Ball 1-1: Ball 2-1: SINGLE (Flyball, 78M) - OUT at second base trying to stretch hit. | Top of the 7th over - 0 runs, 1 hit, 0 errors, 0 left on base; Gresham 2 - Mexico City 0 | BOTTOM OF THE 7TH |
---|
Mexico City Cerveceros batting - Pitching for Gresham Gold Souls : RHP Pat Wyatt | Batting: SHB Scott Compton | 0-0: Ball 1-0: Ball 2-0: Ball 3-0: Called Strike 3-1: Base on Balls | Batting: RHB John Dinkins | 0-0: Ball 1-0: Called Strike 1-1: Ball 2-1: Grounds into double play, 4-6-3 (Groundball, 4) | Batting: RHB Lee Price | 0-0: Ball 1-0: SINGLE (Groundball, 6MD) | Batting: LHB Arturo Rodledo | 0-0: Ball 1-0: Swinging Strike 1-1: Ball 2-1: Ground out 4-3 (Groundball, 4D) | Bottom of the 7th over - 0 runs, 1 hit, 0 errors, 1 left on base; Gresham 2 - Mexico City 0 | TOP OF THE 8TH |
---|
Gresham Gold Souls batting - Pitching for Mexico City Cerveceros : RHP Wayne Walker | Batting: SHB Todd Smith | 0-0: Called Strike 0-1: Ball 1-1: Ball 2-1: Ball 3-1: DOUBLE (Flyball, 8LXD) | Batting: LHB Joel Nelson | 0-0: Ball 1-0: Foul Ball, location: 2F 1-1: Foul Ball, location: 2F 1-2: Foul Ball, location: 2F 1-2: Foul Ball, location: 2F 1-2: Foul Ball, location: 2F 1-2: SINGLE (Groundball, 34D) Todd Smith to third Runner from 3rd tries for Home, SAFE, no throw | Pitching: RHP Clarence Allen | | Batting: RHB Jim Villiers | 0-0: Ball 1-0: Fielders Choice at 2nd, 6-4 (Groundball, 6) | Batting: LHB Jeff Douglas | 0-0: Ball 1-0: Swinging Strike 1-1: Ball 2-1: Ball 3-1: Foul Ball, location: 2F 3-2: Strikes out swinging | Batting: RHB Willie Houk | 0-0: Ball Jim Villiers steals 2nd base 1-0: Called Strike 1-1: Foul Ball, location: 2F 1-2: Ball 2-2: Ball 3-2: Strikes out looking | Top of the 8th over - 1 run, 2 hits, 0 errors, 1 left on base; Gresham 3 - Mexico City 0 | BOTTOM OF THE 8TH |
---|
Mexico City Cerveceros batting - Pitching for Gresham Gold Souls : RHP Pat Wyatt | Batting: LHB Brandon Cummings | 0-0: Ground out U3 (Groundball, 3) | Batting: RHB Juan Brieno | 0-0: Ball 1-0: Foul Ball, location: 2F 1-1: Ball 2-1: Called Strike 2-2: Foul Ball, location: 2F 2-2: Ball 3-2: Strikes out swinging | Batting: LHB Juan Torres | 0-0: Called Strike 0-1: Ball 1-1: Ball 2-1: Ball 3-1: Base on Balls | Batting: SHB Richard Bowman | 0-0: Called Strike 0-1: Ball 1-1: Foul Ball, location: 2F 1-2: Ball 2-2: Ball 3-2: Foul Ball, location: 2F 3-2: Foul Ball, location: 2F 3-2: Foul Ball, location: 2F 3-2: SINGLE (Groundball, 56D) Juan Torres to second Juan Torres to third | Batting: RHB Claudio Souza | 0-0: Ball 1-0: SINGLE (Groundball, 4MD) Juan Torres scores Richard Bowman to second Runner from 2nd tries for 3rd, SAFE, no throw | Pitching: RHP Eusébio Lagarto | | Batting: SHB Scott Compton | 0-0: Foul Ball, location: 2F 0-1: Foul Ball, location: 2F 0-2: Ball 1-2: Ball 2-2: SINGLE (Line Drive, 78M) Richard Bowman scores Claudio Souza to second | Batting: RHB John Dinkins | 0-0: SINGLE (Line Drive, 7LS) Claudio Souza to third Scott Compton to second Runner from 3rd tries for Home, SAFE, no throw | Batting: RHB Lee Price | 0-0: Swinging Strike 0-1: Ball 1-1: Ball 2-1: Ball 3-1: Foul Ball, location: 2F 3-2: Foul Ball, location: 2F 3-2: Base on Balls Scott Compton to third John Dinkins to second | Batting: LHB Arturo Rodledo | 0-0: Called Strike 0-1: Ball 1-1: Called Strike 1-2: SINGLE (Groundball, 34D) Scott Compton scores John Dinkins to third Lee Price to second Runner from 3rd tries for Home, SAFE, no throw | Batting: LHB Brandon Cummings | 0-0: Ball 1-0: Called Strike 1-1: Foul Ball, location: 2F 1-2: Ball 2-2: Ball 3-2: Strikes out swinging | Bottom of the 8th over - 5 runs, 5 hits, 0 errors, 2 left on base; Gresham 3 - Mexico City 5 | TOP OF THE 9TH |
---|
Gresham Gold Souls batting - Pitching for Mexico City Cerveceros : RHP Clarence Allen | Pitching: RHP Orlando Ojeda | | Now in CF: Collin Smith | | Batting: LHB Alberto Varela | 0-0: Called Strike 0-1: Foul Ball, location: 2F 0-2: Ball 1-2: Ground out 6-3 (Groundball, 6) | Batting: LHB Bill Smith | 0-0: Foul Ball, location: 2F 0-1: Fly out, F7 (Flyball, 7D) | Batting: RHB Norm Francis | 0-0: Called Strike 0-1: Swinging Strike 0-2: Ball 1-2: Fly out, F8 (Flyball, 78D) | Top of the 9th over - 0 runs, 0 hits, 0 errors, 0 left on base; Gresham 3 - Mexico City 5 | |